 Dungeon Crawl Stone Soup version 0.25.1-2-g60ff931df9 (webtiles) character file.

Game seed: 8656285217580780316

78 12sPaWn12 the Shield-Bearer (level 4, -1/29 HPs)
             Began as a Gargoyle Fighter on Nov 17, 2020.
             Slain by a crocodile (3 damage)
             ... in a sewer.
             The game lasted 00:04:50 (1386 turns).

12sPaWn12 the Shield-Bearer (Gargoyle Fighter)      Turns: 1386, Time: 00:04:51

Health: -1/29      AC: 11    Str: 21    XL:     4   Next: 36%
Magic:  4/4        EV:  7    Int:  8    God:
Gold:   78         SH:  9    Dex:  9    Spells: 3/3 levels left

rFire    . . .     SeeInvis .   a - +0 flail
rCold    . . .     Gourm    .   c - +0 kite shield
rNeg     + . .     Faith    .   b - +0 scale mail
rPois    ∞         Spirit   .   (no helmet)
rElec    +         Reflect  .   l - +0 cloak
rCorr    .         Harm     .   (no gloves)
MR       .....                  (no boots)
Stlth    ..........             (no amulet)
HPRegen  0.09/turn              (no ring)
MPRegen  0.09/turn              (no ring)

@: no status effects
A: negative energy resistance 1, electricity resistance, unbreathing,
petrification resistance, rot immunity, AC +3
a: no special abilities


You were in a sewer.
You were not hungry.

You visited 1 branch of the dungeon, and saw 3 of its levels.
You also visited: Sewer.

You collected 78 gold pieces.

Inventory:

Hand Weapons
 a - a +0 flail (weapon)
Armour
 b - a +0 scale mail (worn)
 c - a +0 kite shield (worn)
 l - a +0 cloak (worn)
Jewellery
 g - an uncursed amulet of faith
Scrolls
 e - 3 scrolls of identify
Potions
 d - a potion of might
 k - a potion of curing
Comestibles
 f - 7 rations
 h - 2 chunks of flesh


   Skills:
 * Level 3.6 Fighting
 * Level 2.9 Maces & Flails
 * Level 3.8 Armour
 * Level 0.6 Dodging
 * Level 4.0 Shields


You had 3 spell levels left.
You didn't know any spells.
Your spell library was empty.

Dungeon Overview and Level Annotations

Branches:
Dungeon (3/15)              Sewer (1/1)

Altars:
Gozag
Okawaru


Innate Abilities, Weirdness & Mutations

You are resistant to torment.
Your stone body is resilient. (AC +3)
You are immune to poison.
You resist negative energy. (rN+)
You are resistant to electric shocks. (rElec)
You can survive without breathing.
You are immune to petrification.
You are immune to rotting.


Message History

The crocodile is severely wounded.
The crocodile bites you but does no damage.
The crocodile bites you!
* * * LOW HITPOINT WARNING * * *
Some of the chunks of flesh in your inventory have rotted away.
You hit the crocodile but do no damage.
The crocodile is severely wounded.
The crocodile bites you.
* * * LOW HITPOINT WARNING * * *
You closely miss the crocodile.
The crocodile is severely wounded.
You block the crocodile's attack.
You closely miss the crocodile.
The crocodile is severely wounded.
You block the crocodile's attack. The crocodile bites you.
* * * LOW HITPOINT WARNING * * *
You closely miss the crocodile.
The crocodile is severely wounded.
The crocodile bites you.
You die...

#.# #.# #.# #.#
####### #.#
##.....## #.#
##...≈...##
#.#######...≈≈≈...##
#....t@....≈≈≈≈≈.∩.#
#.#######...≈≈≈...##
#.# ##...≈...## #.#
##.....## #.#
####### ... ... ...
.....


You could see a crocodile.

Vanquished Creatures
  4 adders
  A leopard gecko (D:1)
  2 ball pythons
  3 giant cockroaches (D:3)
  A goblin (D:1)
  4 hobgoblins
  9 jackals
  A kobold (D:2)
  6 bats
  3 frilled lizards
  4 rats
38 creatures vanquished.

Notes
Turn   | Place    | Note
-------+----------+-------------------------------------------
     0 | D:1      | 12sPaWn12 the Gargoyle Fighter began the quest for the Orb.
     0 | D:1      | Reached XP level 1. HP: 14/14 MP: 1/1
    69 | D:1      | Reached XP level 2. HP: 13/19 MP: 2/2
   740 | D:2      | Found an opulent altar of Gozag.
   760 | D:2      | Reached XP level 3. HP: 23/23 MP: 3/3
   907 | D:2      | Found an iron altar of Okawaru.
  1231 | D:3      | Found a glowing drain.
  1259 | D:3      | Reached XP level 4. HP: 27/29 MP: 4/4
  1262 | D:3      | Reached skill level 4 in Shields
  1288 | Sewer    | Entered a sewer
  1367 | Sewer    | Noticed a crocodile
  1386 | Sewer    | Slain by a crocodile

Illustrated notes

Levels and vault maps discovered:
D:1:      matt_arrival_grand_opening, layout_rooms, hangedman_glass_teeth
D:2:      layout_basic, lemuel_doored_altar, overflow_temple_1_default
D:3:      layout_loops_ring, grunt_temple_overflow_order_and_chaos_1,
          gup_sewer_entry_glass
Sewer:    sewer_big_baddie

Skill      XL: |  1  2  3  4 |
---------------+-------------+-----
Shields        | 4 |  4.0
Fighting       | |  3.6
Maces & Flails | |  2.9
Armour         | |  3.8
Dodging        | |  0.6

Action                   |  1- 3 |  4- 6 || total
-------------------------+-------+-------++-------
Melee: Flail             |   133 |    72 ||   205
  Use: Scroll            |     3 |       ||     3
  Eat: Chunk             |     1 |     1 ||     2
Armor: Scale mail        |    85 |   110 ||   195
Dodge: Dodged            |    62 |    66 ||   128
Block: Kite shield       |    79 |    85 ||   164
